 Dungeon Crawl Stone Soup version 0.30.0-10-gfe55d96785 (webtiles) character file.

Game seed: 4442680811940739504

651 Jackthecabe the Fighter (level 7, -3/61 (62) HPs)
             Began as a Merfolk Fire Elementalist on May 14, 2023.
             Was a Priest of Dithmenos.
             Splashed by a jelly's acid (10 damage)
             ... on level 4 of the Dungeon on May 15, 2023.
             The game lasted 00:14:15 (5867 turns).

Jackthecabe the Fighter (Merfolk Fire Elementalist) Turns: 5867, Time: 00:14:19

HP:   -3/61 (62)    AC:  1    Str:  9    XL:     7   Next: 53%
MP:   10/10         EV: 10    Int: 14    God:    Dithmenos [***...]
Gold: 88            SH:  0    Dex: 16    Spells: 7/10 levels left

rFire   . . .        y - +0 dagger
rCold   . . .        (no shield)
rNeg    . . .        m - +0 ring mail
rPois   .            (no helmet)
rElec   .            (no cloak)
rCorr   .            h - +2 pair of gloves
SInv    .            f - +0 pair of boots
Will    .....        (no amulet)
Stlth   +++          (no ring)
HPRegen 0.30/turn    (no ring)
MPRegen 0.12/turn

%: no passive effects
@: corroded, wreathed by umbra, lightly drained
A: (nimble swimmer 2), mertail
a: Renounce Religion, Shadow Step


You were on level 4 of the Dungeon.
You worshipped Dithmenos.
Dithmenos was most pleased with you.
You visited 1 branch of the dungeon, and saw 5 of its levels.
You also visited: Sewer.

You collected 231 gold pieces.
You spent 143 gold pieces at shops.


Innate Abilities, Weirdness & Mutations

((You are very nimble when in or above water. (Stealth+, EV+, Speed+++)))
Your lower body shifts to a powerful aquatic tail in water.


   Skills:
 - Level 8.0 Fighting
 + Level 1.0 Long Blades
 - Level 2.6 Dodging
 + Level 3.9 Stealth
 - Level 2.0 Spellcasting
 - Level 0.7 Conjurations
 - Level 2.1 Fire Magic


You had 7 spell levels left.
You knew the following spells:

 Your Spells              Type           Power      Damage    Failure   Level
f - Foxfire               Conj/Fire      20%        2x1d5     36%         1
X - Scorch                Fire           14%        2d5       38%         2

Your spell library contained the following spells:

 Spells                   Type           Power      Damage    Failure   Level
 Sublimation of Blood     Necr           1%         N/A       69%         2
 Wereblood                Tmut           1%         N/A       69%         2
 Inner Flame              Hex/Fire       4%         N/A       77%         3
 Volatile Blastmotes      Fire/Tloc      8%         2d10      77%         3
 Flame Wave               Conj/Fire      5%         2d5       98%         4
 Fireball                 Conj/Fire      2%         3d4       100%        5
 Plasma Beam              Fire/Air       2%         2x1d13    100%        6
 Starburst                Conj/Fire      2%         6d3       100%        6
 Summon Hydra             Summ           0%         N/A       100%        7

Inventory:

Hand Weapons
 d - a +0 whip
 x - a +0 spear
 y - a +0 dagger (weapon)
 A - a +2 long sword of holy wrath
Missiles
 z - 5 poisoned darts
Armour
 a - a +0 robe
 f - a +0 pair of boots (worn)
 g - a +0 scale mail
 h - a +2 pair of gloves (worn)
 m - a +0 ring mail (worn)
Magical Staves
 i - a staff of fire {!a}
 u - a staff of poison {!a}
Jewellery
 v - a ring of see invisible
 I - a +6 ring of intelligence
 Z - a ring of wizardry
Wands
 j - a wand of charming (13)
 n - a wand of polymorph (11)
 B - a wand of mindburst (12)
 D - a wand of roots (7)
Scrolls
 e - 3 scrolls of identify {@r1}
 l - a scroll of enchant weapon {unknown}
 o - a scroll of teleportation {unknown}
 q - 3 scrolls of immolation {unknown}
 w - a scroll of fog {unknown}
 C - a scroll of fear {unknown}
Potions
 b - 2 potions of magic
 c - a potion of ambrosia {unknown}
 k - a potion of attraction {unknown}
 p - a potion of brilliance
 r - a potion of flight {unknown}
 s - 3 potions of curing {@q1}
 t - 4 potions of might

Dungeon Overview and Level Annotations

Branches:
Dungeon (5/15)             Temple (0/1) D:5           Sewer (visited)

Altars:
Dithmenos

Shops:
D:2 :   D:5 (

Annotations:
D:4 exclusion: 2 doors

###########
#..........
#.######### #.# #.#
########.# #..?..
#@J......# #.....
#.######.# #..... #.#
#.# #..... #.#
######..... #.#
#....+.s... ####.###
#.####..... #......##
#.# #+# #....#..###.#
#.#
#....##..##.#####.###


You could see a jelly.


Message History

The jelly is heavily wounded.
The jelly hits you.
You are splashed with acid!
* * * LOW HITPOINT WARNING * * *
You hit the jelly but do no damage.
Your hands burn!
* * * LOW HITPOINT WARNING * * *
The jelly is heavily wounded.
The jelly hits you but does no damage.
You hit the jelly.
Your hands burn!
* * * LOW HITPOINT WARNING * * *
The jelly is severely wounded.
The jelly hits you but does no damage.
You hit the jelly.
Your hands burn!
* * * LOW HITPOINT WARNING * * *
The jelly is severely wounded.
The jelly hits you but does no damage.
You hit the jelly but do no damage.
Your hands burn!
* * * LOW HITPOINT WARNING * * *
The jelly is severely wounded.
The jelly hits you but does no damage.
You hit the jelly but do no damage.
Your hands burn!
* * * LOW HITPOINT WARNING * * *
The jelly is severely wounded.
The jelly hits you but does no damage.
You hit the jelly but do no damage.
Your hands burn!
* * * LOW HITPOINT WARNING * * *
The jelly is severely wounded.
The jelly hits you.
* * * LOW HITPOINT WARNING * * *
The acid corrodes you!
You are splashed with acid!
You die...

Skill      XL: |  1  2  3  4  5  6  7 |
---------------+----------------------+-----
Fighting       | 1 2 3 4 6 7 8 |  8.0
Stealth        | 3 |  3.9
Long Blades    | 1 |  1.0
Dodging        | |  2.6
Spellcasting   | |  2.0
Conjurations   | |  0.7
Fire Magic     | |  2.1

Action                     |  1- 3 |  4- 6 |  7- 9 || total
---------------------------+-------+-------+-------++-------
  Melee: Whip              |   136 |   155 |       ||   291
         Punch             |       |     5 |     1 ||     6
         Spear             |       |    27 |    65 ||    92
         Dagger            |       |       |   104 ||   104
         Long sword        |       |       |    27 ||    27
   Cast: Foxfire           |    21 |    61 |     1 ||    83
         Scorch            |       |     4 |       ||     4
    Use: Potion            |       |     3 |       ||     3
         Scroll            |       |     2 |       ||     2
   Stab: Sleeping          |       |     4 |     1 ||     5
 Armour: Robe              |     2 |       |       ||     2
         Scale mail        |    68 |     7 |       ||    75
         Ring mail         |       |   108 |    80 ||   188
  Dodge: Dodged            |    63 |   186 |   116 ||   365

Levels and vault maps discovered:
D:1:      minmay_arrival_open_corners, layout_loops_ring,
          ebering_ecumenical_altar_petrified, nicolae_hexahallways
D:2:      minmay_inner_zag, layout_rooms, serial_shops, shop, st_stairs_8,
          uniq_jessica
D:3:      layout_rooms, portal_sewer_entry_a, lexackson_kobold_supper,
          uniq_natasha
D:4:      layout_basic
D:5:      layout_rooms, gammafunk_temple_overflow_arena,
          mainiacjoe_overflow_alcove_2, nemelex_altar_shiori, temple_fountains,
          serial_shops, nicolae_diamond_shop, feat_on_display

Notes
Turn   | Place    | Note
-------+----------+-------------------------------------------
     0 | D:1      | Jackthecabe the Merfolk Fire Elementalist began the quest
                  | for the Orb.
     0 | D:1      | Reached XP level 1. HP: 13/13 MP: 3/3
   236 | D:1      | Reached skill level 1 in Fighting
   280 | D:1      | Found a faded altar of an unknown god.
   311 | D:1      | Prayed at the altar of an unknown god.
   311 | D:1      | Became a worshipper of Dithmenos the Shadowed
   311 | D:1      | Reached * piety under Dithmenos
   352 | D:1      | Reached XP level 2. HP: 22/22 MP: 1/5
   427 | D:1      | Reached skill level 2 in Fighting
   942 | D:1      | Reached XP level 3. HP: 26/28 MP: 6/6
  1283 | D:1      | Reached skill level 3 in Fighting
  1490 | D:2      | Reached ** piety under Dithmenos
  1535 | D:2      | Reached XP level 4. HP: 37/37 MP: 2/7
  1754 | D:2      | Found Dookhlof's Book Shop.
  1769 | D:2      | Reached skill level 4 in Fighting
  1781 | D:2      | Noticed Jessica
  1796 | D:2      | Killed Jessica
  2240 | D:2      | Reached XP level 5. HP: 40/43 MP: 1/8
  2269 | D:2      | Reached skill level 5 in Fighting
  2466 | D:3      | You fall into a shaft and drop 1 floor!
  2902 | D:3      | Found a glowing drain.
  2945 | D:3      | Noticed Natasha
  2972 | D:3      | HP: 3/46 [cerulean imp/+3 spear[Natasha] (6)]
  2980 | Sewer    | Entered a sewer
  3175 | Sewer    | Noticed Pargi
  3195 | Sewer    | Learned a level 2 spell: Scorch
  3216 | Sewer    | Killed Pargi
  3217 | Sewer    | Reached skill level 6 in Fighting
  3217 | Sewer    | Reached XP level 6. HP: 53/53 MP: 0/9
  3353 | D:3      | Killed Natasha
  3378 | D:3      | Reached skill level 7 in Fighting
  3664 | D:3      | Noticed Natasha
  3675 | D:3      | Killed Natasha
  3793 | D:3      | Noticed Natasha
  3797 | D:3      | Killed Natasha
  4070 | D:3      | Reached *** piety under Dithmenos
  4412 | D:4      | Reached XP level 7. HP: 56/60 MP: 10/10
  5171 | D:5      | Entered Level 5 of the Dungeon
  5192 | D:5      | Reached skill level 3 in Stealth
  5247 | D:5      | Found a staircase to the Ecumenical Temple.
  5257 | D:5      | Found Ihuazeos's Antique Weapon Boutique.
  5398 | D:5      | Bought a glowing long sword for 143 gold pieces
  5687 | D:5      | Reached skill level 8 in Fighting
  5687 | D:5      | Reached skill level 1 in Long Blades
  5867 | D:4      | Splashed by a jelly's acid

Vanquished Creatures
  Pargi (Sewer)
  A phantom (D:4)
  A scorpion (D:4)
  3 hounds
  An orc priest (D:5)
  Jessica (D:2)
  An iguana (D:5)
  Natasha (thrice) (D:3)
  3 gnolls (D:2)
  4 adders
  2 worms
  2 dart slugs
  11 orcs
  10 ball pythons
  4 bats
  9 endoplasms
  4 giant cockroaches
  2 goblins (D:2)
  8 hobgoblins
  A jackal (Sewer)
  5 quokkas
  2 frilled lizards (D:1)
  17 kobolds
  12 rats
108 creatures vanquished.

Vanquished Creatures (others)
  137 foxfires
137 creatures vanquished.

Grand Total: 245 creatures vanquished

Table legend: (Time is in decaauts)
 A = Elapsed time spent in this place.
 B = Non-inter-level travel time spent in this place.
 C = Inter-level travel time spent in this place.
 D = Time resting spent in this place.
 E = Time spent auto-exploring this place.
 F = Levels seen in this place.
 G = Mean time per level.
                   A        B        C        D        E       F      G
               +--------+--------+--------+--------+--------+-----+--------+
         Total |   5919 |   5667 |    252 |    518 |   3827 |   6 |  986.5 |
       Dungeon |   5562 |   5310 |    252 |    372 |   3707 |   5 | 1112.4 |
         Sewer |    357 |    357 |      0 |    146 |    120 |   1 |  357.0 |
               +--------+--------+--------+--------+--------+-----+--------+

Top non-repeatable levels by time:
     D:4: 1416 daAuts
     D:1: 1406 daAuts
     D:3: 1086 daAuts
     D:2: 1055 daAuts
     D:5: 599 daAuts
   Sewer: 357 daAuts

Table legend:
 A = Non-vault XP
 B = Vault XP
 C = Vault XP percentage of total XP
 D = Non-vault monster count
 E = Vault monster count
 F = Vault count percentage of total count
                 A         B        C        D         E       F
            +---------+---------+-------+---------+---------+-------
      Total |     693 |     238 |  25.6 |      84 |      24 |  22.2
            +---------+---------+-------+---------+---------+-------
        D:1 |      40 |       0 |   0.0 |      25 |       0 |   0.0
        D:2 |      98 |      48 |  32.9 |      20 |       7 |  25.9
        D:3 |     103 |      54 |  34.4 |      15 |      15 |  50.0
        D:4 |     305 |       0 |   0.0 |      15 |       0 |   0.0
        D:5 |     147 |       0 |   0.0 |       9 |       0 |   0.0
      Sewer |       0 |     136 | 100.0 |       0 |       2 | 100.0
            +---------+---------+-------+---------+---------+-------
